 Dungeon Crawl Stone Soup version 0.28-a0-1130-gc51a68064b (webtiles) character file.

Game seed: 5064509746600875687

147 mcbry74 the Cudgeller (level 5, 0/48 (50) HPs)
             Began as a Troll Berserker on Dec 12, 2021.
             Was a Believer of Trog.
             Slain by Crazy Yiuf (11 damage)
             ... on level 3 of the Dungeon.
             The game lasted 00:04:52 (2345 turns).

mcbry74 the Cudgeller (Troll Berserker)             Turns: 2345, Time: 00:04:52

HP:   0/48 (50)     AC:  4    Str: 25    XL:     5   Next: 7%
MP:   4/4           EV: 10    Int:  5    God:    Trog [**....]
Gold: 91            SH:  0    Dex:  9    Spells: 4/4 levels left

rFire   . . .      SeeInvis .   g - +0 mace (drain)
rCold   . . .      Faith    .   (no shield)
rNeg    . . .      Spirit   .   b - +0 animal skin
rPois   +          Reflect  .   p - +0 hat
rElec   .          Harm     .   (no cloak)
rCorr   .          Rampage  .   (gloves unavailable)
Will    .....                   (boots unavailable)
Stlth   +.........              (no amulet)
HPRegen 0.96/turn               i - ring of poison resistance
MPRegen 0.09/turn               (no ring)

@: lightly drained
A: large, unfitting armour, claws 3, regeneration 1, shaggy fur 1, tough skin 1
a: Renounce Religion, Berserk, Trog's Hand


You were on level 3 of the Dungeon.
You worshipped Trog.
Trog was pleased with you.
You visited 1 branch of the dungeon, and saw 3 of its levels.

You collected 91 gold pieces.

Inventory:

Hand Weapons
 a - a +0 mace
 g - a +0 mace of draining (weapon)
Missiles
 e - 162 stones (quivered)
 n - a throwing net
Armour
 b - a +0 animal skin (worn)
 p - a +0 hat (worn)
Jewellery
 i - a ring of poison resistance (left claw)
Scrolls
 c - 5 scrolls of identify {unknown}
 d - a scroll of noise {unknown}
 h - a scroll of magic mapping {unknown}
 j - a scroll of holy word {unknown}
 k - a scroll of enchant armour {unknown}
 l - a scroll of teleportation {unknown}
Potions
 f - a potion of might {unknown}
 m - a potion of curing {unknown}
 o - a potion of invisibility {unknown}


   Skills:
 - Level 2.4 Fighting
 + Level 5.3 Maces & Flails
 - Level 2.4 Dodging


You had 4 spell levels left.
You didn't know any spells.
Your spell library was empty.

Dungeon Overview and Level Annotations

Branches:
Dungeon (3/15)

Altars:

Annotations:
D:3 Crazy Yiuf


Innate Abilities, Weirdness & Mutations

You are too large for most types of armour.
You have claws for hands.
Your natural rate of healing is unusually fast.
You are covered in fur. (AC +1)
You have tough skin. (AC +1)


Message History

You see here a +0 mace.
Found a mace.
Crazy Yiuf shouts!
You see here a +0 mace.
You open the door. You hit Crazy Yiuf but do no damage. You drain Crazy Yiuf.
Crazy Yiuf is lightly wounded.
Crazy Yiuf hits you with a +2 quarterstaff of chaos!
You are electrocuted!
You hit Crazy Yiuf. You drain Crazy Yiuf.
Crazy Yiuf is moderately wounded.
Crazy Yiuf says, "Adder!"
Crazy Yiuf hits you with a +2 quarterstaff of chaos.
You feel drained.
You closely miss Crazy Yiuf.
Crazy Yiuf is moderately wounded.
Crazy Yiuf hits you with a +2 quarterstaff of chaos.
You barely miss Crazy Yiuf.
Crazy Yiuf is moderately wounded.
Crazy Yiuf hits you with a +2 quarterstaff of chaos.
You suddenly lose the ability to move!
Crazy Yiuf hits you with a +2 quarterstaff of chaos. x2
You resist with some effort.
Crazy Yiuf hits you with a +2 quarterstaff of chaos.
You can move again.
You hit Crazy Yiuf.
Crazy Yiuf is heavily wounded.
Crazy Yiuf whimpers, "Citrus King wrapper!"
Crazy Yiuf hits you with a +2 quarterstaff of chaos.
You barely miss Crazy Yiuf.
Crazy Yiuf is heavily wounded.
Crazy Yiuf hits you but does no damage.
Crazy Yiuf hits you with a +2 quarterstaff of chaos.
* * * LOW HITPOINT WARNING * * *
Crazy Yiuf freezes you.
* * * LOW HITPOINT WARNING * * *
You hit Crazy Yiuf.
Crazy Yiuf is severely wounded.
Crazy Yiuf hits you with a +2 quarterstaff of chaos!
You die...

##### ######.... ######
#.....#### #....# #.....# #
####<...# #.....#### #.##....##♣♣
### #......... #.#........♣♣
♣♣#.))# #.......##
..#.........♣♣♣♣@g)).# #.......##
............)♣).♣#...# #.........
...)........♣)♣♣♣ ### #.........
........##♣♣♣♣♣ #.........
..#.....# #.........
.##.....###### #######..#####+#
.##.##.....#'#####.##.....###....
....................'............
....####.###.#####.##..†...####.#


You could see Crazy Yiuf (drained).

Vanquished Creatures
  Jessica (D:3)
  3 gnolls (D:2)
  2 adders
  A worm (D:2)
  5 dart slugs
  2 orcs (D:3)
  4 ball pythons
  6 bats
  7 endoplasms
  4 giant cockroaches
  2 goblins
  5 hobgoblins
  7 kobolds
  2 quokkas
  10 rats
61 creatures vanquished.

Notes
Turn   | Place    | Note
-------+----------+-------------------------------------------
     0 | D:1      | mcbry74 the Troll Berserker began the quest for the Orb.
     0 | D:1      | Reached XP level 1. HP: 22/22 MP: 0/0
    61 | D:1      | Reached skill level 3 in Maces & Flails
   249 | D:1      | Found a faded altar of an unknown god.
   262 | D:1      | Reached XP level 2. HP: 29/29 MP: 1/1
   651 | D:1      | Reached XP level 3. HP: 36/36 MP: 2/2
  1126 | D:2      | Reached skill level 4 in Maces & Flails
  1325 | D:2      | Reached ** piety under Trog
  1326 | D:2      | Reached XP level 4. HP: 35/44 MP: 3/3
  2045 | D:3      | Reached skill level 5 in Maces & Flails
  2163 | D:3      | Noticed Jessica
  2169 | D:3      | Killed Jessica
  2170 | D:3      | Reached XP level 5. HP: 48/50 MP: 4/4
  2331 | D:3      | Found a runed translucent door.
  2332 | D:3      | Noticed Crazy Yiuf
  2339 | D:3      | Paralysed by Crazy Yiuf for 4 turns
  2345 | D:3      | Slain by Crazy Yiuf

Illustrated notes

Levels and vault maps discovered:
D:1:      dpeg_arrival_stone_temple_mockup, layout_loops_corners,
          dreamdust_ecumenical_altar_statues, grunt_decor_arrowhead
D:2:      layout_basic
D:3:      layout_basic, uniq_jessica, uniq_crazy_yiuf_cottage

Skill      XL: |  1  2  3  4 |
---------------+-------------+-----
Maces & Flails | 3 4 5 |  5.3
Fighting       | |  2.4
Dodging        | |  2.4

Action                   |  1- 3 |  4- 6 || total
-------------------------+-------+-------++-------
Melee: Mace              |   100 |    74 ||   174
 Stab: Sleeping          |     1 |     1 ||     2
Armor: Animal skin       |    36 |    27 ||    63
Dodge: Dodged            |    65 |    45 ||   110

Table legend: (Time is in decaauts)
 A = Elapsed time spent in this place.
 B = Non-inter-level travel time spent in this place.
 C = Inter-level travel time spent in this place.
 D = Time resting spent in this place.
 E = Time spent auto-exploring this place.
 F = Levels seen in this place.
 G = Mean time per level.
                   A        B        C        D        E       F      G
               +--------+--------+--------+--------+--------+-----+--------+
         Total |   2376 |   2312 |     64 |     26 |   1768 |   3 |  792.0 |
       Dungeon |   2376 |   2312 |     64 |     26 |   1768 |   3 |  792.0 |
               +--------+--------+--------+--------+--------+-----+--------+

Top non-repeatable levels by time:
     D:1: 1128 daAuts
     D:2: 870 daAuts
     D:3: 378 daAuts
